[Event "February Lviv Tradition-IM 2020"]
[Site "Lviv"]
[Date "2020.02.19"]
[Round "5.1"]
[White "Roshka, Yevgeniy"]
[Black "Kowalski, Igor"]
[Result "1-0"]
[ECO "C03"]
[WhiteElo "2456"]
[BlackElo "2332"]
[Annotator "ChessBase"]
[PlyCount "97"]
[EventDate "2020.02.17"]
[EventType "tourn"]
[EventCountry "UKR"]
[SourceTitle "playchess.com"]
[Source "ChessBase"]
[SourceQuality "1"]
[TimeControl "5400+30"]

1. d4 e6 2. e4 d5 3. Nd2 Be7 4. c3 Nf6 5. e5 Nfd7 6. Bd3 c5 7. Ne2 b6 8. f4 Ba6 9. Bxa6 Nxa6 10. O-O g6 11. g4 Qc7 12. f5 O-O-O 13. f6 Bf8 14. Nf3 Ndb8 15. Nf4 Kb7 16. h4 h6 17. Be3 Nc6 18. a3 c4 19. Qc2 Qd7 20. Nxg6 fxg6 21. Qxg6 Nc7 22. Rf2 b5 23. g5 hxg5 24. hxg5 Ne7 25. Qf7 Nf5 26. Qxd7 Rxd7 27. Bf4 Rdh7 28. Rh2 Rxh2 29. Bxh2 Kc6 30. Bf4 a5 31. Kf2 Rg8 32. Rg1 b4 33. axb4 axb4 34. Rh1 bxc3 35. bxc3 Nb5 36. Bd2 Kd7 37. Rh7+ Kc6 38. Nh4 Nxh4 39. Rxh4 Na3 40. Rh1 Kb5 41. Rh7 Kc6 42. Rf7 Nb1 43. Be1 Bb4 44. Rg7 Ra8 45. cxb4 c3 46. Bxc3 Nxc3 47. g6 Ra2+ 48. Kf3 Nd1 49. Re7 1-0

[Event "February Lviv Tradition-IM 2020"]
[Site "Lviv"]
[Date "2020.02.19"]
[Round "5.2"]
[White "Vakulenko, Oleksandr"]
[Black "Shkuran, Danylo"]
[Result "0-1"]
[ECO "A53"]
[WhiteElo "2262"]
[BlackElo "2329"]
[Annotator "NA"]
[PlyCount "76"]
[EventDate "2020.02.17"]
[EventType "tourn"]
[EventCountry "UKR"]
[SourceTitle "playchess.com"]
[Source "ChessBase"]
[SourceQuality "1"]
[TimeControl "5400+30"]

1. d4 Nf6 2. c4 d6 3. Nc3 Nbd7 4. e4 e5 5. Nge2 Be7 6. f3 O-O 7. Be3 c6 8. d5 cxd5 9. cxd5 a5 10. Nb5 Ne8 11. Qd2 Nc5 12. Nec3 b6 13. Bc4 h6 14. Bf2 Bh4 15. g3 Bg5 16. f4 exf4 17. gxf4 Bh4 18. O-O-O Bxf2 19. Qxf2 Ba6 20. Qd4 Nd7 21. Rhg1 f6 22. Rg6 Rf7 23. Rdg1 Kh8 24. Qd3 Nf8 25. e5 fxe5 26. fxe5 dxe5 27. d6 Bxb5 28. Bxb5 Nxg6 29. Qxg6 Qf6 30. Qg2 Rd8 31. d7 Nd6 32. Bc6 Qf4+ 33. Kb1 Qf2 34. Qh1 Nc4 35. Nd1 Qf5+ 36. Ka1 Qf4 37. Kb1 Nd2+ 38. Kc2 Nf3 0-1

[Event "February Lviv Tradition-IM 2020"]
[Site "Lviv"]
[Date "2020.02.19"]
[Round "5.3"]
[White "Bets, Anatolij"]
[Black "Sydoryka, Vladyslav"]
[Result "1/2-1/2"]
[ECO "A46"]
[WhiteElo "2249"]
[BlackElo "2318"]
[Annotator "NA"]
[PlyCount "60"]
[EventDate "2020.02.17"]
[EventType "tourn"]
[EventCountry "UKR"]
[SourceTitle "playchess.com"]
[Source "ChessBase"]
[SourceQuality "1"]
[TimeControl "5400+30"]

1. d4 Nf6 2. Nf3 c5 3. e3 cxd4 4. exd4 d5 5. c3 Nc6 6. h3 Bf5 7. Bd3 Bxd3 8. Qxd3 e6 9. Bf4 Bd6 10. Bxd6 Qxd6 11. Nbd2 O-O 12. O-O Rae8 13. Rfe1 Nd7 14. Rad1 f6 15. c4 dxc4 16. Nxc4 Qd5 17. b3 Nb6 18. Re2 Rd8 19. Red2 Rd7 20. Qe2 Rfd8 21. Re1 Re7 22. Red1 Red7 23. Re1 Re7 24. Red1 Red7 25. Re1 Re7 26. Red1 Red7 27. Re1 Re7 28. Red1 Red7 29. Re1 Re7 30. Red1 Red7 1/2-1/2

[Event "February Lviv Tradition-IM 2020"]
[Site "Lviv"]
[Date "2020.02.19"]
[Round "5.4"]
[White "Malynovskyi, Rostyslav"]
[Black "Kagramanianz, Vartan"]
[Result "1-0"]
[ECO "A37"]
[WhiteElo "2238"]
[BlackElo "2238"]
[Annotator "NA"]
[PlyCount "65"]
[EventDate "2020.02.17"]
[EventType "tourn"]
[EventCountry "UKR"]
[SourceTitle "playchess.com"]
[Source "ChessBase"]
[SourceQuality "1"]
[TimeControl "5400+30"]

1. c4 c5 2. g3 Nc6 3. Bg2 g6 4. Nc3 Bg7 5. Nf3 d6 6. O-O e5 7. a3 a5 8. d3 Nge7 9. Ne1 O-O 10. Nc2 Rb8 11. Rb1 Be6 12. b4 cxb4 13. axb4 d5 14. b5 Nd4 15. Ne3 dxc4 16. dxc4 Qc7 17. b6 Qd7 18. Ba3 Rfc8 19. Ne4 Nef5 20. Nxf5 Nxf5 21. Qxd7 Bxd7 22. Nd6 Nd4 23. Nxc8 Nxe2+ 24. Kh1 Bxc8 25. Bd6 Ra8 26. c5 Nc3 27. Rb3 e4 28. Rc1 Ne2 29. Re1 Nd4 30. Rxe4 Bd7 31. Rxd4 Bxd4 32. c6 Bxc6 33. Bxc6 1-0

[Event "February Lviv Tradition-IM 2020"]
[Site "Lviv"]
[Date "2020.02.19"]
[Round "5.5"]
[White "Bognar, Csaba"]
[Black "Kryvoruchko, Vita"]
[Result "0-1"]
[ECO "A57"]
[WhiteElo "2128"]
[BlackElo "2146"]
[Annotator "NA"]
[PlyCount "72"]
[EventDate "2020.02.17"]
[EventType "tourn"]
[EventCountry "UKR"]
[SourceTitle "playchess.com"]
[Source "ChessBase"]
[SourceQuality "1"]
[TimeControl "5400+30"]

1. d4 Nf6 2. c4 c5 3. d5 b5 4. Qc2 d6 5. e4 b4 6. Bd3 g6 7. Ne2 Bg7 8. O-O O-O 9. f3 Nbd7 10. Ng3 Ne5 11. Be2 e6 12. Be3 a5 13. Nd2 h5 14. h3 exd5 15. cxd5 Ba6 16. f4 Ned7 17. Rae1 Re8 18. Nh1 Nxd5 19. exd5 Rxe3 20. Bxa6 Rxe1 21. Rxe1 Rxa6 22. Nf3 Ra8 23. f5 g5 24. g4 hxg4 25. hxg4 Ne5 26. Nxe5 Bxe5 27. Kg2 Qf6 28. Nf2 Bxb2 29. Re2 Be5 30. Re1 Kg7 31. Ne4 Rh8 32. Qc1 Rh2+ 33. Kf3 Qh6 34. Nxg5 Qh4 35. f6+ Bxf6 36. Ne4 Qh3+ {Qd1} 0-1

[Event "February Lviv Tradition-IM 2020"]
[Site "Lviv"]
[Date "2020.02.20"]
[Round "7.1"]
[White "Vakulenko, Oleksandr"]
[Black "Kowalski, Igor"]
[Result "1/2-1/2"]
[ECO "A40"]
[WhiteElo "2262"]
[BlackElo "2332"]
[Annotator "NA"]
[PlyCount "68"]
[EventDate "2020.02.17"]
[EventType "tourn"]
[EventCountry "UKR"]
[SourceTitle "playchess.com"]
[Source "ChessBase"]
[SourceQuality "1"]
[TimeControl "5400+30"]

1. d4 e6 2. c4 f5 3. Nf3 Nf6 4. g3 d5 5. Bg2 Bd6 6. O-O O-O 7. Nc3 c6 8. Qc2 Ne4 9. c5 Bc7 10. Bf4 Nd7 11. b4 Bxf4 12. gxf4 Rf6 13. a4 Rh6 14. Ra3 Qc7 15. Nxe4 fxe4 16. Ne5 Nxe5 17. fxe5 Qe7 18. f3 Qh4 19. h3 Qg3 20. Qc1 Rxh3 21. fxe4 Qxa3 22. Bxh3 Qxc1 23. Rxc1 dxe4 24. b5 Kf7 25. bxc6 bxc6 26. Rb1 Ba6 27. Kf2 Ke7 28. Ke3 Rf8 29. Bg2 g6 30. Bxe4 Kd7 31. Rh1 Rf7 32. Kd2 Kc7 33. Rh2 Bc4 34. Bc2 Bd5 1/2-1/2

[Event "February Lviv Tradition-IM 2020"]
[Site "Lviv"]
[Date "2020.02.20"]
[Round "7.2"]
[White "Bets, Anatolij"]
[Black "Roshka, Yevgeniy"]
[Result "0-1"]
[ECO "B06"]
[WhiteElo "2249"]
[BlackElo "2456"]
[Annotator "ChessBase"]
[PlyCount "88"]
[EventDate "2020.02.17"]
[EventType "tourn"]
[EventCountry "UKR"]
[SourceTitle "playchess.com"]
[Source "ChessBase"]
[SourceQuality "1"]
[TimeControl "5400+30"]

1. d4 g6 2. e4 Bg7 3. Nc3 d6 4. f4 a6 5. Nf3 b5 6. Bd3 Nd7 7. e5 c5 8. Be4 Rb8 9. O-O cxd4 10. Nxd4 dxe5 11. Nc6 Qb6+ 12. Kh1 Ngf6 13. Nxb8 Qxb8 14. fxe5 Nxe4 15. Nxe4 Nxe5 16. Bf4 O-O 17. Qe2 Qa8 18. Rae1 Be6 19. b3 Nc6 20. Nc5 Bf5 21. h3 Rc8 22. Kh2 Nb4 23. Be3 Be5+ 24. Kh1 Bd6 25. c4 bxc4 26. Qxc4 Nd5 27. Bg1 Bxh3 28. Qe4 Bxc5 29. Bxc5 Rxc5 30. gxh3 Rc3 31. Rf3 Qc6 32. Rxc3 Qxc3 33. Kh2 Nf4 34. Re3 Qd2+ 35. Kh1 e5 36. a4 f5 37. Qf3 Kg7 38. b4 Qxb4 39. Rb3 Qe1+ 40. Kh2 Qd2+ 41. Kh1 Kh6 42. Rb7 e4 43. Qg3 Nh5 44. Qa3 Qe1+ 0-1

[Event "February Lviv Tradition-IM 2020"]
[Site "Lviv"]
[Date "2020.02.20"]
[Round "7.4"]
[White "Bognar, Csaba"]
[Black "Sydoryka, Vladyslav"]
[Result "0-1"]
[ECO "A57"]
[WhiteElo "2128"]
[BlackElo "2318"]
[Annotator "NA"]
[PlyCount "58"]
[EventDate "2020.02.17"]
[EventType "tourn"]
[EventCountry "UKR"]
[SourceTitle "playchess.com"]
[Source "ChessBase"]
[SourceQuality "1"]
[TimeControl "5400+30"]

1. d4 Nf6 2. c4 c5 3. d5 b5 4. Qc2 bxc4 5. e4 d6 6. Nf3 g6 7. Nfd2 e6 8. Nc3 exd5 9. Nxd5 Nxd5 10. exd5 Bg7 11. Qe4+ Qe7 12. Qxe7+ Kxe7 13. Nxc4 Bb7 14. Bf4 Bxd5 15. O-O-O Bd4 16. Bxd6+ Ke6 17. Bxb8 Rhxb8 18. f3 Rb4 19. b3 a5 20. Re1+ Kf6 21. Ne3 Bxe3+ 22. Rxe3 a4 23. bxa4 Rbxa4 24. Rc3 Rxa2 25. Rxc5 Rf2 26. Kb1 Ba2+ 27. Kc1 Bc4 28. Rc6+ Kg7 29. Kb1 Bxf1 0-1

[Event "February Lviv Tradition-IM 2020"]
[Site "Lviv"]
[Date "2020.02.21"]
[Round "8.1"]
[White "Kowalski, Igor"]
[Black "Kagramanianz, Vartan"]
[Result "1-0"]
[ECO "B40"]
[WhiteElo "2332"]
[BlackElo "2238"]
[Annotator "ChessBase"]
[PlyCount "71"]
[EventDate "2020.02.17"]
[EventType "tourn"]
[EventCountry "UKR"]
[SourceTitle "playchess.com"]
[Source "ChessBase"]
[SourceQuality "1"]
[TimeControl "5400+30"]

1. Nf3 c5 2. e4 e6 3. b3 Nc6 4. Bb2 d6 5. g3 Nf6 6. d3 Be7 7. Bg2 O-O 8. O-O Qc7 9. Nbd2 b6 10. Re1 Bb7 11. h4 Nd7 12. Nc4 b5 13. Ne3 Bf6 14. Qc1 Bxb2 15. Qxb2 Nf6 16. Nh2 b4 17. a4 Nd4 18. Nf3 e5 19. Qc1 Rfe8 20. Qd2 Nxf3+ 21. Bxf3 Bc8 22. g4 Nd7 23. h5 Nf8 24. h6 Ng6 25. hxg7 Rb8 26. Nd5 Qd8 27. Kg2 Be6 28. Rh1 Nf4+ 29. Nxf4 Qg5 30. Kg3 Qxf4+ 31. Qxf4 exf4+ 32. Kxf4 Kxg7 33. g5 Rh8 34. Rh6 Rbf8 35. Rah1 f6 36. Ke3 1-0

[Event "February Lviv Tradition-IM 2020"]
[Site "Lviv"]
[Date "2020.02.21"]
[Round "8.2"]
[White "Sydoryka, Vladyslav"]
[Black "Kryvoruchko, Vita"]
[Result "1-0"]
[ECO "A04"]
[WhiteElo "2318"]
[BlackElo "2146"]
[Annotator "ChessBase"]
[PlyCount "99"]
[EventDate "2020.02.17"]
[EventType "tourn"]
[EventCountry "UKR"]
[SourceTitle "playchess.com"]
[Source "ChessBase"]
[SourceQuality "1"]
[TimeControl "5400+30"]

1. Nf3 c5 2. c4 Nc6 3. Nc3 e5 4. g3 g6 5. Bg2 Bg7 6. O-O Nge7 7. Ne1 O-O 8. Nc2 d6 9. Rb1 Be6 10. Ne3 Rb8 11. d3 a6 12. Bd2 b5 13. Ncd5 Qd7 14. Re1 Bh3 15. Bh1 f5 16. Nxe7+ Nxe7 17. Nd5 f4 18. b4 Nf5 19. e3 fxg3 20. hxg3 Nh6 21. bxc5 dxc5 22. e4 b4 23. Be3 Qd6 24. f3 Bd7 25. Rb2 Nf7 26. Rh2 a5 27. Qd2 a4 28. Qf2 Rfc8 29. Bg2 b3 30. a3 b2 31. Rb1 Rb3 32. Rxb2 Rxa3 33. Rb6 Qf8 34. Bf1 Rb3 35. Qa2 Nd8 36. Rxb3 axb3 37. Qxb3 Qxf3 38. Ne7+ Kh8 39. Nxg6+ Kg8 40. Ne7+ Kh8 41. Bf2 Ra8 42. Qb2 Bg4 43. Nf5 Bxf5 44. Be2 Ra1+ 45. Qxa1 Qxe2 46. exf5 Qxd3 47. Qa8 e4 48. Qd5 Qxd5 49. cxd5 Bd4 50. Bxd4+ 1-0

[Event "February Lviv Tradition-IM 2020"]
[Site "Lviv"]
[Date "2020.02.21"]
[Round "8.3"]
[White "Shkuran, Danylo"]
[Black "Bognar, Csaba"]
[Result "1-0"]
[ECO "B07"]
[WhiteElo "2329"]
[BlackElo "2128"]
[Annotator "ChessBase"]
[PlyCount "55"]
[EventDate "2020.02.17"]
[EventType "tourn"]
[EventCountry "UKR"]
[SourceTitle "playchess.com"]
[Source "ChessBase"]
[SourceQuality "1"]
[TimeControl "5400+30"]

1. e4 d6 2. d4 Nf6 3. Nc3 g6 4. f3 c6 5. Be3 Nbd7 6. Qd2 b5 7. O-O-O Nb6 8. Bd3 h5 9. Nh3 Bxh3 10. gxh3 Qc7 11. Kb1 O-O-O 12. d5 b4 13. Ne2 cxd5 14. Qxb4 e5 15. Bg5 Be7 16. Ba6+ Kb8 17. Bxf6 Bxf6 18. Rxd5 Ka8 19. Nc3 Nxd5 20. Nxd5 Qc6 21. Bb5 Qb7 22. Qa4 Rc8 23. Nxf6 Rc5 24. c4 Rb8 25. Nd7 Rxc4 26. Qxc4 Qxb5 27. Qxb5 Rxb5 28. Rd1 1-0

[Event "February Lviv Tradition-IM 2020"]
[Site "Lviv"]
[Date "2020.02.21"]
[Round "8.5"]
[White "Vakulenko, Oleksandr"]
[Black "Bets, Anatolij"]
[Result "1-0"]
[ECO "E40"]
[WhiteElo "2262"]
[BlackElo "2249"]
[Annotator "NA"]
[PlyCount "55"]
[EventDate "2020.02.17"]
[EventType "tourn"]
[EventCountry "UKR"]
[SourceTitle "playchess.com"]
[Source "ChessBase"]
[SourceQuality "1"]
[TimeControl "5400+30"]

1. d4 Nf6 2. c4 e6 3. Nc3 Bb4 4. e3 d5 5. cxd5 exd5 6. Qa4+ Nc6 7. Bd3 {E40: Nimzo-Indian: Rubinstein (4 e3): Unusual Black 4th moves.} O-O 8. Nge2 Bd6 9. a3 {[#]} Ne7 $146 ({Predecessor:} 9... a6 10. Qc2 Ne7 11. O-O b6 12. b4 Bb7 13. Rb1 Ng6 14. f3 Qe7 15. Ng3 Nh4 {½-½ (28) Nisipeanu,L (2657)-Lodici,L (2447) Spilimbergo 2018}) 10. Qc2 g6 11. Nb5 Bf5 12. f3 Bxd3 13. Qxd3 Re8 14. e4 dxe4 15. fxe4 Nxe4 16. Qxe4 Nf5 {[#]} 17. Qd3 ({Wrong is} 17. Qxb7 $2 Rb8 $19) (17. Qf3 $1 $16) 17... Qh4+ 18. Kd1 Rxe2 $2 (18... Rad8 $11 {and Black is okay.}) 19. Qxe2 Nxd4 20. Nxd4 Qxd4+ 21. Kc2 $18 Qa4+ 22. b3 Qc6+ 23. Kb1 Re8 24. Qc2 Qb5 25. Rd1 Re2 26. Rd2 Re1 27. Ka2 Qa5 28. Bb2 1-0

[Event "February Lviv Tradition-IM 2020"]
[Site "Lviv"]
[Date "2020.02.22"]
[Round "9.1"]
[White "Bets, Anatolij"]
[Black "Kowalski, Igor"]
[Result "1/2-1/2"]
[ECO "D11"]
[WhiteElo "2249"]
[BlackElo "2332"]
[Annotator "ChessBase"]
[PlyCount "63"]
[EventDate "2020.02.17"]
[EventType "tourn"]
[EventCountry "UKR"]
[SourceTitle "playchess.com"]
[Source "ChessBase"]
[SourceQuality "1"]
[TimeControl "5400+30"]

1. d4 d5 2. c4 c6 3. Nf3 e6 4. Qc2 Nf6 5. Bg5 h6 6. Bh4 dxc4 7. Qxc4 b5 8. Qc2 Bb7 9. e4 Nbd7 10. Be2 Be7 11. Nbd2 O-O 12. O-O c5 13. e5 Nd5 14. Bxe7 Qxe7 15. Bxb5 cxd4 16. Qe4 Rfd8 17. Rfc1 Qb4 18. Bd3 Nf8 19. Nc4 Ne3 20. Qf4 Nxc4 21. Rxc4 Qb6 22. Rac1 Rac8 23. Rxc8 Bxc8 24. b3 Ba6 25. Rd1 Bxd3 26. Rxd3 Ng6 27. Qe4 Qa5 28. Rxd4 Rxd4 29. Nxd4 Qxa2 30. g3 Ne7 31. Qa8+ Kh7 32. Qe4+ 1/2-1/2

[Event "February Lviv Tradition-IM 2020"]
[Site "Lviv"]
[Date "2020.02.22"]
[Round "9.2"]
[White "Malynovskyi, Rostyslav"]
[Black "Vakulenko, Oleksandr"]
[Result "0-1"]
[ECO "D31"]
[WhiteElo "2238"]
[BlackElo "2262"]
[Annotator "ChessBase"]
[PlyCount "92"]
[EventDate "2020.02.17"]
[EventType "tourn"]
[EventCountry "UKR"]
[SourceTitle "playchess.com"]
[Source "ChessBase"]
[SourceQuality "1"]
[TimeControl "5400+30"]

1. d4 d5 2. c4 e6 3. Nc3 c6 4. e3 f5 5. Nf3 Nd7 6. Qc2 Nh6 7. Bd3 Bd6 8. Bd2 O-O 9. O-O-O b6 10. cxd5 exd5 11. h3 Kh8 12. Rdg1 Nf6 13. Ne5 Ne4 14. Be1 Bxe5 15. dxe5 Nc5 16. Ne2 Bb7 17. Nd4 Qe7 18. g4 Nxd3+ 19. Qxd3 c5 20. Nxf5 Nxf5 21. gxf5 d4 22. f4 Bxh1 23. Rxh1 Qb7 24. e4 Rxf5 25. Bd2 Rd8 26. Rg1 c4 27. Qg3 Rf7 28. e6 c3 29. exf7 cxd2+ 30. Kxd2 Qxf7 31. f5 Rc8 32. Rc1 Rxc1 33. Qb8+ Qg8 34. Qxg8+ Kxg8 35. Kxc1 Kf7 36. e5 g6 37. Kd2 gxf5 38. Kd3 Ke7 39. Kc4 Kd7 40. Kd3 Ke6 41. Kxd4 a6 42. h4 a5 43. b3 b5 44. a3 b4 45. axb4 axb4 46. h5 h6 0-1

[Event "February Lviv Tradition-IM 2020"]
[Site "Lviv"]
[Date "2020.02.22"]
[Round "9.4"]
[White "Kryvoruchko, Vita"]
[Black "Shkuran, Danylo"]
[Result "0-1"]
[ECO "D45"]
[WhiteElo "2146"]
[BlackElo "2329"]
[Annotator "ChessBase"]
[PlyCount "76"]
[EventDate "2020.02.17"]
[EventType "tourn"]
[EventCountry "UKR"]
[SourceTitle "playchess.com"]
[Source "ChessBase"]
[SourceQuality "1"]
[TimeControl "5400+30"]

1. d4 Nf6 2. c4 c6 3. Nc3 d5 4. e3 e6 5. Nf3 Nbd7 6. Qc2 Bd6 7. b3 Qe7 8. Bb2 O-O 9. Bd3 dxc4 10. bxc4 e5 11. O-O Re8 12. c5 Bc7 13. Bc4 h6 14. h3 e4 15. Nd2 b6 16. cxb6 Nxb6 17. Bb3 Ba6 18. Rfe1 Bd3 19. Qd1 Qd6 20. f4 Nbd5 21. Nc4 Bxc4 22. Bxc4 Nxf4 23. exf4 Qxf4 24. Ne2 Qh2+ 25. Kf1 e3 26. Ng1 Re4 27. Qf3 Rae8 28. Ke2 Rf4 29. Qxc6 Rf2+ 30. Kd3 Rxb2 31. Re2 Rb6 32. Qf3 Qd6 33. Rc1 Re4 34. d5 Qe5 35. Rc3 Qd4+ 36. Kc2 Be5 37. Rexe3 Rxe3 38. Qxe3 Rb2+ 0-1

[Event "February Lviv Tradition-IM 2020"]
[Site "Lviv"]
[Date "2020.02.22"]
[Round "9.5"]
[White "Kagramanianz, Vartan"]
[Black "Sydoryka, Vladyslav"]
[Result "0-1"]
[ECO "A05"]
[WhiteElo "2238"]
[BlackElo "2318"]
[Annotator "ChessBase"]
[PlyCount "74"]
[EventDate "2020.02.17"]
[EventType "tourn"]
[EventCountry "UKR"]
[SourceTitle "playchess.com"]
[Source "ChessBase"]
[SourceQuality "1"]
[TimeControl "5400+30"]

1. Nf3 Nf6 2. c4 c5 3. b3 g6 4. Bb2 Bg7 5. e3 O-O 6. Be2 Nc6 7. O-O b6 8. d4 cxd4 9. Nxd4 Bb7 10. Bf3 Qc7 11. Nc3 Ne5 12. Bxb7 Qxb7 13. Nf3 Nxf3+ 14. Qxf3 Qxf3 15. gxf3 Rfc8 16. Rac1 d6 17. f4 Ne4 18. Nxe4 Bxb2 19. Rc2 Bg7 20. Rfc1 Rc6 21. Ng3 Rac8 22. f5 d5 23. fxg6 hxg6 24. a4 a6 25. Ne2 e6 26. Kf1 Rc5 27. Nd4 e5 28. Nf3 b5 29. axb5 axb5 30. Nd2 dxc4 31. bxc4 f5 32. Ke2 e4 33. Kd1 b4 34. Rb1 Bc3 35. Ke2 Bxd2 36. Kxd2 Rxc4 37. Rxc4 Rxc4 0-1